 Dungeon Sprint DCSS version 0.28.0-53-g5a82cb258f (webtiles) character file.

Game seed: 5379261187315807291

2723 Zeld the Fighter (level 9, 0/96 HPs)
             Began as a Minotaur Berserker on June 14, 2022.
             Was an Elder of Trog.
             Shot with an arrow by a centaur warrior (12 damage)
             ... in the Dungeon (Sprint I: "Red Sonja").
             The game lasted 00:01:57 (2483 turns).

Zeld the Fighter (Minotaur Berserker)               Turns: 2483, Time: 00:01:57

Health: 0/96       AC:  5    Str: 26    XL:     9   Next: 40%
Magic:  8/8        EV: 14    Int:  4    God:    Trog [****..]
Gold:   468        SH:  0    Dex: 10    Spells: 8/8 levels left

rFire   . . .      SeeInvis .   a - +0 hand axe
rCold   . . .      Faith    .   (no shield)
rNeg    . . .      Spirit   .   b - +0 troll leather armour
rPois   .          Reflect  .   (helmet restricted)
rElec   .          Harm     .   (no cloak)
rCorr   .          Rampage  .   (no gloves)
Will    .....      NoTele   +   (no boots)
Stlth   +.........              (no amulet)
HPRegen 1.06/turn               (no ring)
MPRegen 0.11/turn               (no ring)

@: on berserk cooldown, slowed, very slow
A: horns 2, retaliatory headbutt
a: Renounce Religion, Berserk, Trog's Hand, Brothers in Arms


You were in the Dungeon.
You worshipped Trog.
Trog was greatly pleased with you.
You visited 1 branch You collected 845 gold pieces.
You spent 377 gold pieces at shops.

Inventory:

Hand Weapons
 a - a +0 hand axe (weapon)
Armour
 b - a +0 troll leather armour (worn)
Wands
 i - a wand of polymorph (9)
 k - a wand of acid (11)
Potions
 c - 8 potions of curing
 d - a potion of heal wounds
 e - a potion of haste
 f - 3 potions of magic
 g - a potion of berserk rage
 j - a potion of lignification {unknown}
 l - a potion of flight {unknown}
 m - a potion of might
 n - a potion of resistance
 o - 2 potions of mutation {unknown}


   Skills:
 * Level 14.4 Fighting
 - Level 14.0 Axes
 + Level 10.5 Armour
 + Level 9.6 Dodging
 + Level 7.5 Evocations


You had 8 spell levels left.
You didn't know any spells.
Your spell library was empty.

Dungeon Overview and Level Annotations

Branches:
Dungeon (1/1)

Altars:
Cheibriados
Dithmenos
Elyvilon
Fedhas
Gozag
Hepliaklqana
Kikubaaqudgha
Makhleb
Nemelex Xobeh
Okawaru
Qazlal
Ru
Sif Muna
Trog
Uskayaw
Vehumet
Wu Jian
Xom
Yredelemnul
Zin
The Shining One
Jiyva
Lugonu

Shops:
D [![


Innate Abilities, Weirdness & Mutations

You have a pair of horns on your head.
You reflexively headbutt those who attack you in melee.


Message History

Your Evocations skill increases to level 7!
You barely miss the demonic crawler.
The demonic crawler is heavily wounded.
Unknown command.
Unknown command.
You slash the demonic crawler!
The demonic crawler is severely wounded.
A gargoyle comes into view. It is wielding a +0 mace.
Unknown command.
Unknown command.
You slash the demonic crawler!
The demonic crawler is almost dead.
You slash the demonic crawler!
The demonic crawler completely misses you.
You furiously retaliate!
You headbutt the demonic crawler!
You kill the demonic crawler!
Trog accepts your kill.
Unknown command.
You feel a strong urge to attack something.
Things that are here:
a +0 dagger; a +0 robe You are no longer berserk.
You are exhausted.
You feel yourself slow down.
There is an open door, spattered with blood here.
Okay, then.
Okay, then.
Blink to where?
Press: ? - help, Dir - move target
As you read the scroll of blinking, it crumbles to dust.
A centaur warrior comes into view.
The centaur warrior wields a +0 longbow.
The centaur warrior shoots an arrow.
The arrow closely misses you.
You hear a shout!
Unknown command.
You close the door.
You fail to use your ability.
A centaur warrior breaks down the door.
You fail to use your ability.
The centaur warrior shoots an arrow.
The arrow hits you!
You die...

##########################
#<.#..)..#..'..#__#..')..#
#..)..#..').#..@s.'.9#).9##+#
#..#####'#####'#__####...†..#
#..####..#...#c#### #####..+
#..#__####..##(# ##
#..#_____##'#_.+
#⌠⌠#_.∩...'..._#
####_..__##_.#'##+###
#_____###'#.#(..(###
############.####'###.##


You could see a demonic crawler, a centaur warrior and a gargoyle.

Vanquished Creatures
  A deep troll (D)
  3 demonic crawlers (D)
  2 kobold demonologists (D)
  A blink frog (D)
  A slime creature (D)
  Sigmund (D)
  A yak (D)
  A floating eye (D)
  An ogre (D)
  A jelly (D)
  Ijyb (D)
14 creatures vanquished.

Vanquished Creatures (others)
  2 ballistomycete spores (D)
2 creatures vanquished.

Grand Total: 16 creatures vanquished

Notes
Turn   | Place    | Note
-------+----------+-------------------------------------------
     0 | D        | Zeld the Minotaur Berserker began the quest for the Orb.
     0 | D        | Reached XP level 1. HP: 19/19 MP: 0/0
     1 | D        | Noticed Ijyb
    11 | D        | Killed Ijyb
    12 | D        | Reached skill level 5 in Fighting
    12 | D        | Reached skill level 5 in Axes
    12 | D        | Reached XP level 2. HP: 29/29 MP: 1/1
    53 | D        | Noticed an ogre
    59 | D        | Killed an ogre
    60 | D        | Reached XP level 3. HP: 15/39 MP: 2/2
    60 | D        | Reached XP level 4. HP: 18/47 MP: 3/3
   180 | D        | Noticed Sigmund
   187 | D        | Killed Sigmund
   187 | D        | Reached ** piety under Trog
   188 | D        | Reached skill level 5 in Dodging
   188 | D        | Reached XP level 5. HP: 51/56 MP: 4/4
   421 | D        | Found a burning altar of Makhleb.
   421 | D        | Found a viscous altar of Jiyva.
   421 | D        | Found a shimmering altar of Xom.
   421 | D        | Found a corrupted altar of Lugonu.
   421 | D        | Noticed a slime creature
   428 | D        | Killed a slime creature
   429 | D        | Reached skill level 10 in Fighting
   429 | D        | Reached skill level 10 in Axes
   429 | D        | Reached XP level 6. HP: 66/66 MP: 5/5
   698 | D        | Noticed a kobold demonologist
   698 | D        | Noticed a floating eye
   699 | D        | Noticed a kobold demonologist
   701 | D        | Paralysed by a floating eye for 2 turns
   705 | D        | Noticed a hellwing
   706 | D        | Killed a floating eye
   707 | D        | Reached XP level 7. HP: 73/73 MP: 6/6
   713 | D        | Noticed an orange demon
   713 | D        | Killed a kobold demonologist
   713 | D        | Reached *** piety under Trog
   714 | D        | Reached skill level 5 in Evocations
   715 | D        | Noticed a soul eater
   715 | D        | Killed a kobold demonologist
   716 | D        | Reached XP level 8. HP: 31/83 MP: 7/7
   854 | D        | Found an ornate altar of the Wu Jian Council.
   854 | D        | Found a shimmering blue altar of Sif Muna.
   856 | D        | Found a radiant altar of Vehumet.
   951 | D        | Found Kuathia's Distillery.
   951 | D        | Found an ancient bone altar of Kikubaaqudgha.
   951 | D        | Found a hazy altar of Hepliaklqana.
   951 | D        | Found a stormy altar of Qazlal.
   951 | D        | Found a hide-covered altar of Uskayaw.
   951 | D        | Found a blossoming altar of Fedhas.
   951 | D        | Found a bloodstained altar of Trog.
   951 | D        | Found an iron altar of Okawaru.
   951 | D        | Found a basalt altar of Yredelemnul.
   951 | D        | Found a glowing golden altar of the Shining One.
   951 | D        | Found a snail-covered altar of Cheibriados.
   951 | D        | Found a sacrificial altar of Ru.
   951 | D        | Found a glowing silver altar of Zin.
   951 | D        | Found a shadowy altar of Dithmenos.
   951 | D        | Found a white marble altar of Elyvilon.
   958 | D        | Found an opulent altar of Gozag.
   959 | D        | Found a sparkling altar of Nemelex Xobeh.
  1014 | D        | Bought a potion of curing for 39 gold pieces
  1014 | D        | Bought 3 potions of curing for 117 gold pieces
  1014 | D        | Bought a potion of curing for 39 gold pieces
  1014 | D        | Bought a potion of might for 52 gold pieces
  1014 | D        | Bought a potion of resistance for 130 gold pieces
  1120 | D        | Noticed Sonja
  1121 | D        | Noticed Sonja
  1121 | D        | Sonja changed into Sonja the blink frog
  1446 | D        | Found Goyxatuq's Armour Boutique.
  1482 | D        | Killed Sonja the blink frog
  1482 | D        | Reached **** piety under Trog
  1937 | D        | Noticed a deep troll
  1945 | D        | Killed a deep troll
  2319 | D        | Found Gaysycs's Armour Emporium.
  2461 | D        | Noticed a demonic crawler
  2461 | D        | Noticed a demonic crawler
  2461 | D        | Noticed a demonic crawler
  2461 | D        | Noticed a demonic crawler
  2467 | D        | Killed a demonic crawler
  2468 | D        | Reached skill level 10 in Armour
  2468 | D        | Reached XP level 9. HP: 50/94 MP: 8/8
  2473 | D        | Killed a demonic crawler
  2473 | D        | HP: 4/141 [demonic crawler (9)]
  2475 | D        | Noticed a gargoyle
  2476 | D        | Killed a demonic crawler
  2480 | D        | Noticed a centaur warrior
  2483 | D        | Shot with an arrow by a centaur warrior

Illustrated notes

Levels and vault maps discovered:
D:        dungeon_sprint_1 [red_sonja_temple_1, red_sonja_temple_small_1]

Skill      XL: |  1  2  3  4  5  6  7  8  9 |
---------------+----------------------------+-----
Fighting       | 5 7 8 10 11 13 14 | 14.4
Axes           | 5 7 8 10 11 13 14 | 14.0
Armour         | 3 4 6 7 8 10 | 10.5
Dodging        | 3 4 5 6 7 9 |  9.6
Evocations     | 2 3 4 5 6 7 |  7.5

Action                   |  1- 3 |  4- 6 |  7- 9 || total
-------------------------+-------+-------+-------++-------
Melee: Hand axe          |    11 |    15 |    49 ||    75
       Headbutt          |       |     2 |    12 ||    14
Invok: Berserk           |     2 |     3 |     4 ||     9
Evoke: Wand              |       |       |     1 ||     1
  Use: Scroll            |       |       |     1 ||     1
Armor: Skin              |     4 |       |       ||     4
       Animal skin       |       |     1 |       ||     1
       Troll leather arm |       |       |     5 ||     5
Dodge: Dodged            |     1 |     2 |    26 ||    29
